 Dungeon Crawl Stone Soup version 0.24-a0-429-g4608c8fa30 (webtiles) character file.

Game seed: 9039140350920133808

79 KristoblXynda the Slasher (level 4, -3/37 HPs)
             Began as a Draconian Gladiator on June 13, 2019.
             Slain by a gnoll
             ... wielding a +0 spear
              (7 damage)
             ... on level 2 of the Dungeon.
             The game lasted 00:03:30 (1627 turns).

KristoblXynda the Slasher (Draconian Gladiator)     Turns: 1627, Time: 00:03:31

Health: -3/37      AC:  6    Str: 16    XL:     4   Next: 16%
Magic:  4/4        EV: 14    Int: 14    God:
Gold:   105        SH:  0    Dex: 13    Spells: 3/3 levels left

rFire    . . .     SeeInvis .   a - +0 long sword
rCold    . . .     Gourm    .   (no shield)
rNeg     . . .     Faith    .   (armour unavailable)
rPois    .         Spirit   .   b - +0 hat
rElec    .         Reflect  .   (no cloak)
rCorr    .         Harm     .   (no gloves)
MR       .....                  j - +0 pair of boots
Stlth    +.........             (no amulet)
HPRegen  0.12/turn              e - +1 ring of evasion
MPRegen  0.09/turn              (no ring)

@: brilliant, hasted, very quick
A: unfitting armour, cold-blooded, AC +5
a: no special abilities


You were on level 2 of the Dungeon.
You were not hungry.

You visited 1 branch of the dungeon, and saw 2 of its levels.

You collected 105 gold pieces.

Inventory:

Hand Weapons
 a - a +0 long sword (weapon)
Missiles
 c - 2 throwing nets
 g - 5 javelins (quivered)
Armour
 b - a +0 hat (worn)
 j - a +0 pair of boots (worn)
Jewellery
 e - a +1 ring of evasion (left hand)
 n - a cursed amulet of inaccuracy {unknown}
Scrolls
 f - a scroll of amnesia {unknown}
 h - a scroll of remove curse {unknown}
 l - a scroll of teleportation {unknown}
Comestibles
 d - 3 rations
 i - 3 chunks of flesh


   Skills:
 + Level 2.9 Fighting
 * Level 3.9 Long Blades
 + Level 2.3 Throwing
 + Level 3.1 Dodging


You had 3 spell levels left.
You didn't know any spells.
Your spell library was empty.

Dungeon Overview and Level Annotations

Branches:
Dungeon (2/15)

Altars:


Innate Abilities, Weirdness & Mutations

Your plain brown scales are hard. (AC +5)
You cannot fit into any form of body armour.
You are cold-blooded and may be slowed by cold attacks.


Message History

The net rips apart, and the adder comes free!
The gnoll closely misses you.
It was a potion of brilliance.
You feel clever all of a sudden. The adder barely misses you.
It was a potion of curing.
You feel better.
The gnoll hits you from afar with a +0 halberd.
* * * LOW HITPOINT WARNING * * *
The adder misses you.
You see here 18 stones.
Things that are here:
a +0 short sword; a +0 club; a bat corpse
Things that are here:
a +0 spear; a leopard gecko corpse A gnoll comes into view.
It is wielding a +0 spear.
You see here 5 javelins.
g - 5 javelins The gnoll shouts!
You hear a shout!
The gnoll hits you from afar with a +0 spear!
You die...

......# #######
#.^......#.. ......#
########)#.. ......#
##.... ......#
#.†.P. ......# #
##P.... ......## #.
## #...... .......#
#..#.####
#####.P..P# ######.#
#g..#.####....g.....
...
#@..S))(.#####.##.
##.#
#...#.####.##.S..##.
...#..#.####
#....###### #.#. ##
###### #


You could see a gnoll and an adder.

Vanquished Creatures
  2 gnolls
  2 adder skeletons (D:2)
  2 worms (D:2)
  A dart slug (D:2)
  3 leopard geckos
  4 bats
  A giant cockroach (D:2)
  8 hobgoblins
  4 jackals (D:2)
  3 kobolds
  A ball python (D:1)
  A giant cockroach zombie (D:2)
  6 goblins
  3 rats
41 creatures vanquished.

Notes
Turn   | Place    | Note
-------+----------+-------------------------------------------
     0 | D:1      | KristoblXynda the Draconian Gladiator began the quest for
                  | the Orb.
     0 | D:1      | Reached XP level 1. HP: 17/17 MP: 1/1
   582 | D:1      | Reached XP level 2. HP: 25/25 MP: 2/2
  1272 | D:2      | Reached XP level 3. HP: 30/30 MP: 3/3
  1469 | D:2      | Found a faded altar of an unknown god.
  1596 | D:2      | Reached XP level 4. HP: 33/37 MP: 4/4
  1627 | D:2      | Slain by a gnoll

Levels and vault maps discovered:
D:1:      lemuel_arrival_muddy, layout_basic
D:2:      minmay_spotlight, layout_basic,
          chequers_ecumenical_altar_simple_redux, serial_undead,
          serial_undead_c, serial_undead_a, serial_undead_c, serial_undead_b,
          first_ration

Skill      XL: |  1  2  3 |
---------------+----------+-----
Throwing       | 2 |  2.3
Dodging        | 3 |  3.1
Fighting       | |  2.9
Long Blades    | |  3.9

Action                   |  1- 3 |  4- 6 || total
-------------------------+-------+-------++-------
Melee: Long sword        |    94 |       ||    94
       Tailslap          |    18 |       ||    18
Throw: Javelin           |     4 |     5 ||     9
       Throwing net      |       |     1 ||     1
  Use: Potion            |       |     3 ||     3
  Eat: Chunk             |     2 |       ||     2
Armor: Skin              |    26 |     2 ||    28
Dodge: Dodged            |    68 |     9 ||    77
       Rpst.: Long sword |    23 |       ||    23

Table legend:
 A = Non-vault XP
 B = Vault XP
 C = Vault XP percentage of total XP
 D = Non-vault monster count
 E = Vault monster count
 F = Vault count percentage of total count
                 A         B        C        D         E       F
            +---------+---------+-------+---------+---------+-------
      Total |      88 |      25 |  22.1 |      32 |       9 |  22.0
            +---------+---------+-------+---------+---------+-------
        D:1 |      36 |       0 |   0.0 |      14 |       0 |   0.0
        D:2 |      52 |      25 |  32.5 |      18 |       9 |  33.3
            +---------+---------+-------+---------+---------+-------
